 Dungeon Crawl Stone Soup version 0.23.2-1-ga50397a6bc (console) character file.

Game seed: 8365155036450925911

149 Dragon00 the Cutter (level 5, -6/47 HPs)
             Began as a Minotaur Berserker on May 7, 2019.
             Was a Believer of Trog.
             Mangled by Sigmund
             ... wielding a +1 scythe of freezing
              (9 damage)
             ... on level 4 of the Dungeon.
             The game lasted 00:41:45 (1636 turns).

Dragon00 the Cutter (Minotaur Berserker)            Turns: 1636, Time: 00:41:46

Health: -6/47      AC:  3    Str: 23    XL:     5   Next: 9%
Magic:  4/4        EV: 11    Int:  4    God:    Trog [**....]
Gold:   85         SH:  0    Dex:  9    Spells: 4/4 levels left

rFire    . . .     SeeInvis .   a - +1 short sword
rCold    . . .     Gourm    .   (no shield)
rNeg     . . .     Faith    .   g - +0 ring mail
rPois    .         Spirit   .   (helmet restricted)
rElec    .         Reflect  .   (no cloak)
rCorr    .         Harm     .   (no gloves)
MR       ++...                  (no boots)
Stlth    +.........             (no amulet)
HPRegen  1.15/turn              l - -2 ring of protection (curse)
MPRegen  0.09/turn              (no ring)

@: regenerating
A: retaliatory headbutt, horns 2
a: Berserk, Trog's Hand, Renounce Religion


You were on level 4 of the Dungeon.
You worshipped Trog.
Trog was pleased with you.
You were not hungry.

You visited 1 branch of the dungeon, and saw 4 of its levels.

You collected 85 gold pieces.

Inventory:

Hand Weapons
 a - a +1 short sword (weapon)
 e - a +0 hunting sling
Missiles
 i - 43 stones (quivered)
Armour
 b - a +0 animal skin
 g - a +0 ring mail (worn)
 h - a +0 robe
Jewellery
 l - a cursed -2 ring of protection (left hand)
Scrolls
 k - a scroll of enchant armour {unknown}
 m - a scroll of magic mapping {unknown}
 o - a scroll of random uselessness {unknown}
Potions
 d - a potion of mutation
 j - a potion of lignification {unknown}
 n - a potion of haste
Comestibles
 c - 5 rations
 f - 5 chunks of flesh


   Skills:
 + Level 4.5 Fighting
 + Level 5.1 Short Blades
 + Level 3.2 Armour
 + Level 2.5 Dodging
 + Level 0.5 Stealth


You had 4 spell levels left.
You didn't know any spells.
Your spell library was empty.

Dungeon Overview and Level Annotations

Branches:
Dungeon (4/15)
 Temple: D:4-7

Altars:
Cheibriados
Vehumet

Annotations:
D:4 Sigmund


Innate Abilities, Weirdness & Mutations

You reflexively headbutt those who attack you in melee.
You have a pair of horns on your head.


Message History

You hear some strange, mumbled words.
Something tries to affect you, but you resist.
You closely miss something. Your headbutt misses something.
Something hits you but does no damage.
You miss something. Something hits you! Something freezes you.
You miss something. Something hits you!
* * * LOW HITPOINT WARNING * * *
Something freezes you.
* * * LOW HITPOINT WARNING * * *
Okay, then.
Your skin crawls.
You feel resistant to hostile enchantments.
You feel somewhat more hungry.
You barely miss something. Something hits you!
* * * LOW HITPOINT WARNING * * *
Something freezes you.
* * * LOW HITPOINT WARNING * * *
You closely miss something. You closely miss something. Something hits you!
You die...

######## #......#
#......# #......#
#####......#
...........#
####...{...#
........@.$#
...#.#....## ...
. #.##.# .... ..#
#. #.### ....
....####.#.#.....
.........#.#.....
.......<.........
...........##.##
.#########....#


There were no monsters in sight!

Vanquished Creatures
  A hound zombie (D:3)
  5 gnolls (D:3)
  2 adders
  2 oozes (D:1)
  2 worms (D:2)
  A dart slug (D:3)
  A leopard gecko (D:1)
  5 giant cockroaches
  7 goblins
  6 hobgoblins
  A quokka (D:2)
  A ball python (D:3)
  8 bats
  A frilled lizard (D:1)
  8 kobolds
  A rat (D:1)
52 creatures vanquished.

Notes
Turn   | Place    | Note
-------+----------+-------------------------------------------
     0 | D:1      | Dragon00 the Minotaur Berserker began the quest for the
                  | Orb.
     0 | D:1      | Reached XP level 1. HP: 19/19 MP: 0/0
   283 | D:1      | Reached XP level 2. HP: 27/27 MP: 1/1
   523 | D:1      | Reached XP level 3. HP: 33/33 MP: 2/2
   538 | D:1      | Reached skill level 4 in Short Blades
  1010 | D:2      | Found a snail-covered altar of Cheibriados.
  1069 | D:2      | Reached ** piety under Trog
  1264 | D:2      | Found a radiant altar of Vehumet.
  1388 | D:3      | Reached XP level 4. HP: 41/41 MP: 3/3
  1433 | D:3      | Reached skill level 5 in Short Blades
  1437 | D:3      | Reached XP level 5. HP: 28/47 MP: 4/4
  1621 | D:4      | Noticed Sigmund
  1634 | D:4      | HP: 1/47 [something (3)]
  1636 | D:4      | Mangled by Sigmund

Skill      XL: |  1  2  3  4 |
---------------+-------------+-----
Fighting       | 4 |  4.5
Short Blades   | 4 5 |  5.1
Armour         | 3 |  3.2
Dodging        | |  2.5
Stealth        | |  0.5

Action                   |  1- 3 |  4- 6 || total
-------------------------+-------+-------++-------
Melee: Short sword       |    74 |    40 ||   114
       Headbutt          |    16 |     5 ||    21
Invok: Berserk           |     2 |       ||     2
       Trog's Hand       |       |     1 ||     1
  Use: Scroll            |     6 |       ||     6
       Potion            |     2 |       ||     2
  Eat: Ration            |     1 |       ||     1
       Chunk             |     1 |       ||     1
Armor: Animal skin       |     2 |       ||     2
       Ring mail         |    15 |     8 ||    23
Dodge: Dodged            |    41 |    11 ||    52
